 Dungeon Crawl Stone Soup version 0.29.1-2-gbd0b4ee654 (webtiles) character file.

Game seed: 1127181288468191864

165 leafyfresh the Ducker (level 5, 0/35 HPs)
             Began as a Djinni Ice Elementalist on Nov 12, 2022.
             Was an Initiate of Makhleb.
             Slain by a phantom (5 damage)
             ... on level 4 of the Dungeon.
             The game lasted 00:07:07 (4882 turns).

leafyfresh the Ducker (Djinni Ice Elementalist)     Turns: 4882, Time: 00:07:08

Health: 0/35       AC: 12    Str:  7    XL:     5   Next: 75%
Gold:   161        EV: 12    Int: 19    God:    Makhleb [......] SH:  0 Dex: 13

rFire   + + .      SeeInvis .   n - +2 dagger (protect)
rCold   . . .      Faith    .   (no shield)
rNeg    + . .      Spirit   .   u - +2 leather armour {rC+}
rPois   ∞          Reflect  .   (no helmet)
rElec   .          Harm     .   (no cloak)
rCorr   .          Rampage  .   (no gloves)
Will    .....                   (boots unavailable)
Stlth   ++........              (no amulet)
HPRegen 0.11/turn               e - ring of positive energy
MPRegen 0.00/turn               (no ring)

@: under a protective aura, freezing walls, flying
A: sickness immunity, fire resistance 2, cold vulnerability 1, float, innate
caster, HP casting, extra vitality 1
a: Renounce Religion


You were on level 4 of the Dungeon.
You worshipped Makhleb.
Makhleb was noncommittal.
You visited 2 branches of the dungeon, and saw 5 of its levels.

You collected 161 gold pieces.

Inventory:

Hand Weapons
 l - a +0 whip
 n - a +2 dagger of protection (weapon)
Missiles
 t - 4 poisoned darts (quivered)
Armour
 a - a +0 robe
 r - an orb of wrath
 u - a +2 leather armour of cold resistance (worn)
Jewellery
 e - a ring of positive energy (left hand)
 v - a +4 ring of evasion
Scrolls
 b - a scroll of poison {unknown}
 d - 3 scrolls of vulnerability {unknown}
 g - 6 scrolls of identify {unknown}
 h - 3 scrolls of teleportation {unknown}
 j - a scroll of brand weapon {unknown}
 o - 3 scrolls of acquirement {unknown}
 p - a scroll of butterflies {unknown}
 q - a scroll of magic mapping {unknown}
Potions
 c - a potion of brilliance {unknown}
 f - 2 potions of lignification {unknown}
 i - a potion of curing {unknown}
 k - 2 potions of ambrosia {unknown}
 m - 2 potions of attraction {unknown}
 s - 2 potions of invisibility {unknown}
 w - a potion of heal wounds {unknown}


   Skills:
 + Level 4.5 Dodging
 - Level 1.5 Stealth
 + Level 4.3 Spellcasting


You couldn't memorise any spells.
You knew the following spells:

 Your Spells              Type           Power      Damage    Failure   Level
a - Freeze                Ice            80%        1d9       3%          1
b - Frozen Ramparts       Ice            40%        1d7       11%         3
c - Ozocubu's Armour      Ice            20%        N/A       11%         3
d - Hailstorm             Conj/Ice       20%        3d6       34%         4
e - Apportation           Tloc           40%        N/A       3%          1
f - Poisonous Vapours     Pois/Air       40%        N/A       5%          2
Your spell library was empty.

Dungeon Overview and Level Annotations

Branches:
Dungeon (4/15)             Temple (1/1) D:4

Altars:
Ashenzari
Cheibriados
Elyvilon
Fedhas
Gozag
Hepliaklqana
Makhleb
Okawaru
Qazlal
Uskayaw
Wu Jian
Xom
Yredelemnul
Zin

Shops:
D:2 (=[[


Innate Abilities, Weirdness & Mutations

You are immune to sickness and miasma.
You are immune to poison.
Your flesh is very heat resistant. (rF++)
You are vulnerable to cold. (rC-)
You float through the air rather than walking.
You learn spells naturally, not from books.
Your magical power is your life essence.
You have superior vitality. (+4 MHP)


Message History

The phantom resists.
The wall freezes the phantom.
The phantom hits you but does no damage.
Unknown command.
You hit the phantom.
The phantom is moderately damaged.
The frozen ramparts melt away.
The phantom closely misses you.
Casting: Frozen Ramparts (quite dangerous; 11% risk of failure)
Confirm with . or Enter, or press ? or * to list all spells.
The spell is quite dangerous to miscast (11% risk of failure)!
Continue anyway?
Casting: Frozen Ramparts (quite dangerous; 11% risk of failure)
Press: ? - help, Dir - look around, f - activate The walls around you are covered in ice.
* * * LOW HITPOINT WARNING * * *
The wall freezes the adder.
The adder bites you but does no damage.
The phantom completely resists.
The wall freezes the phantom but does no damage.
The phantom hits you.
* * * LOW HITPOINT WARNING * * *
Casting: Frozen Ramparts (quite dangerous; 11% risk of failure)
Confirm with . or Enter, or press ? or * to list all spells.
Aiming: Freeze (safe; 3% risk of failure)
Press: ? - help, Shift-Dir - straight line, f - adder
Aim: an adder (almost dead)
You freeze the adder!
You kill the adder!
Makhleb accepts your kill.
* * * LOW HITPOINT WARNING * * *
The wall freezes the phantom but does no damage.
The phantom barely misses you.
Casting: Freeze (safe; 3% risk of failure)
Confirm with . or Enter, or press ? or * to list all spells.
Aiming: Freeze (safe; 3% risk of failure)
Press: ? - help, Shift-Dir - straight line, f - phantom
Aim: a phantom (moderately damaged)
You freeze the phantom.
The phantom resists.
The phantom is heavily damaged.
* * * LOW HITPOINT WARNING * * *
The wall freezes the phantom but does no damage.
The phantom hits you.
You die...

..#.....#.......#
..+.....#.......#
..#.....#.......#
........#.......#
#..8..#.........#.
#.....##....#####.
..#.#..##...#..... ##
.##.##..##.##.######....
##...##.....#.#.@.##... ###.
...>....8...#.#W.†"..... ....
##...##.......+...l....#####..#
.##.##..##....#................
..#.#..##..#.####.#..#########.#>
#.....##..##.# ###....§§Sl....(
#..8..#..# ... ###..##########.
........# #.... #......##
......### #...## #.####..####


You could see a phantom and an iguana.

Vanquished Creatures
  An iguana (D:4)
  5 adders
  2 worms
  2 dart slugs
  2 orcs
  8 ball pythons
  6 bats
  7 endoplasms
  3 giant cockroaches
  9 hobgoblins
  2 quokkas
  2 frilled lizards (D:1)
  14 goblins
  10 kobolds
  5 rats
78 creatures vanquished.

Notes
Turn   | Place    | Note
-------+----------+-------------------------------------------
     0 | D:1      | leafyfresh the Djinni Ice Elementalist began the quest for
                  | the Orb.
     0 | D:1      | leafyfresh set off with the following spells memorised:
                  | Freeze, Frozen Ramparts, Ozocubu's Armour, Hailstorm.
     0 | D:1      | Reached XP level 1. HP: 15/15 MP: 0/0
   362 | D:1      | Reached XP level 2. HP: 16/21 MP: 0/0
  1257 | D:1      | Reached XP level 3. HP: 22/25 MP: 0/0
  1257 | D:1      | Learned a level 1 spell: Apportation
  1927 | D:2      | Found Nayps's Antique Weapon Shop.
  2036 | D:2      | Found Bef Teri's Jewellery Shop.
  2191 | D:2      | Found Ruihuval's Antique Armour Shoppe.
  2339 | D:2      | Found Ugeusob's Armour Shop.
  2365 | D:2      | Reached XP level 4. HP: 31/31 MP: 0/0
  3449 | D:3      | Reached XP level 5. HP: 24/35 MP: 0/0
  3449 | D:3      | Learned a level 2 spell: Poisonous Vapours
  3552 | D:3      | Found a shimmering altar of Xom.
  4137 | D:3      | Found a faded altar of an unknown god.
  4294 | D:4      | Found a staircase to the Ecumenical Temple.
  4324 | Temple   | Entered the Ecumenical Temple
  4391 | Temple   | Became a worshipper of Makhleb the Destroyer
  4857 | D:4      | Noticed a phantom
  4882 | D:4      | Slain by a phantom

Illustrated notes

Levels and vault maps discovered:
D:1:      evilmike_arrival_crescent, layout_basic, st_stairs_6,
          nicolae_concentric_dashed_squares_mild
D:2:      cheibrodos_greedy_goblins, layout_basic, serial_shops, shop,
          nicolae_shop_hallway_plus,
          nicolae_shop_temple_entry_statues_fountains, nicolae_shop_trees
D:3:      layout_loops_cross, tgw_xom, mainiacjoe_overflow_boulevard,
          hellmonk_ecumenical_altar_run_dry
D:4:      minmay_thick_lines, layout_gridville, nicolae_dithmenos_shadow_blocks,
          minmay_temple_entry_waves, serial_co_window_serial,
          co_window_corner_a, co_window_corner_a, co_window_paths_a,
          co_window_paths_b, co_window_corner_a, co_window_paths_a,
          co_window_broadway_b, co_window_of_opportunity_b, co_window_2corner,
          co_window_unsneaky_path_d, co_window_paths_d, co_window_paths_e,
          glass_columns_a, st_stairs_12
Temple:   bh_familiar_temple

Skill      XL: |  1  2  3  4 |
---------------+-------------+-----
Dodging        | 3 4 |  4.5
Spellcasting   | 4 |  4.3
Stealth        | |  1.5

Action                   |  1- 3 |  4- 6 || total
-------------------------+-------+-------++-------
Melee: Unarmed           |    14 |       ||    14
       Dagger            |    24 |   118 ||   142
       Whip              |    16 |       ||    16
Throw: Dart              |       |     1 ||     1
 Cast: Freeze            |    31 |     2 ||    33
       Ozocubu's Armour  |       |     8 ||     8
       Frozen Ramparts   |       |     8 ||     8
 Stab: Sleeping          |     3 |     3 ||     6
Armor: Robe              |    13 |    19 ||    32
       Leather armour    |       |    20 ||    20
Dodge: Dodged            |    47 |    68 ||   115
